 Dungeon Crawl Stone Soup version 0.18.1-48-g4cf74bf (webtiles) character file.

228 Alarkh the Poker (level 5, -3/38 HPs)
             Began as a Mummy Skald on July 24, 2016.
             Was an Initiate of Gozag.
             Killed from afar by an orc wizard (7 damage)
             ... with a magic dart
             ... on level 4 of the Dungeon.
             The game lasted 00:05:44 (2952 turns).

Alarkh the Poker (Mummy Skald)                      Turns: 2952, Time: 00:05:45

Health: -3/38      AC:  4    Str: 15    XL:     5   Next: 70%
Magic:  4/8        EV: 11    Int: 13    God:    Gozag
Gold:   193        SH:  0    Dex: 11    Spells: 3 memorised, 2 levels left

rFire  x . .     SeeInvis .     j - +0 trident
rCold  + . .     Gourm    .     b - +0 leather armour
rNeg   + + +     Faith    .     (no shield)
rPois  ∞         Spirit   .     (no helmet)
rElec  .         Dismiss  .     l - +0 cloak
rCorr  .         Reflect  .     (no gloves)
SustAt .         Harm     .     (no boots)
MR     .....                    (no amulet)
Stlth  +.........               (no ring)
                                (no ring)

@: very slightly contaminated, not resistant to hostile enchantments, very
unstealthy
A: no food or potions, fire vulnerability, cold resistance 1, negative energy
resistance 3, torment resistance, unbreathing
a: Potion Petition, Call Merchant, Bribe Branch, Renounce Religion


You were on level 4 of the Dungeon.
You worshipped Gozag.
Gozag was noncommittal.
You were not hungry.

You visited 1 branch of the dungeon, and saw 4 of its levels.

You collected 228 gold pieces.
You paid 35 gold pieces to Gozag.

Inventory:

Hand Weapons
 a - a +0 spear
 j - a +0 trident (weapon)
Armour
 b - a +0 leather armour (worn)
 l - a +0 cloak (worn)
Scrolls
 e - a scroll of enchant weapon {unknown}
 f - 2 scrolls of identify
 g - 4 scrolls of remove curse
 h - 2 scrolls of recharging {unknown}
 i - a scroll of fog {unknown}
 k - a scroll of immolation {unknown}
Books
 c - a book of Battle

   Spells                             Type                      Level
   a - Infusion                       Charms                       1
   b - Shroud of Golubria             Charms/Translocation         2
   c - Song of Slaying                Charms                       2
   d - Spectral Weapon                Hexes/Charms                 3
   e - Regeneration                   Charms/Necromancy            3


   Skills:
 - Level 2.0 Fighting
 + Level 5.0 Polearms
 - Level 0.7 Armour
 - Level 0.7 Dodging
 - Level 2.0 Spellcasting
 - Level 2.4 Charms


You had 2 spell levels left.
You knew the following spells:

 Your Spells              Type           Power        Failure   Level  Hunger
a - Infusion              Chrm           #...         14%         1    N/A
b - Shroud of Golubria    Chrm/Tloc      #.........   30%         2    N/A
c - Spectral Weapon       Hex/Chrm       #.......     65%         3    N/A

Dungeon Overview and Level Annotations

Branches:
Dungeon (4/15)
 Temple: D:4-7

Altars:
Ashenzari
Dithmenos
Gozag
Kikubaaqudgha
Qazlal
Yredelemnul


Innate Abilities, Weirdness & Mutations

You do not eat or drink.
Your flesh is vulnerable to fire.
You are immune to poison.
Your flesh is cold resistant.
You are immune to negative energy.
You are immune to unholy pain and torment.
You can survive without breathing.


Message History

The puff of flame hits you! The fire burns you terribly!
* * * LOW HITPOINT WARNING * * *
Read which item? (? for menu, Esc to quit)
As you read the scroll of fear, it crumbles to dust.
You assume a fearsome visage.
The orc wizard looks frightened!
The orc wizard gestures wildly while chanting.
The orc wizard flickers and vanishes!
Deactivating autopickup; reactivate with Ctrl-A.
Something hits you.
* * * LOW HITPOINT WARNING * * *
You miss something. Something hits you.
* * * LOW HITPOINT WARNING * * *
Read which item? (? for menu, Esc to quit)
As you read the scroll of fear, it crumbles to dust.
You assume a fearsome visage.
You start resting.
A magic dart appears from out of thin air!
The magic dart hits you!
You die...
Your body crumbles into a pile of gold.

##.#.#.# .
#.#.#.#
#.#.#.#
#.#.#.#
#.#.#.#
#.....#
###...#
###.# #@#
#.#.#
#.#.#
#.#.#
#.#.#
#.#.#
#.#.######
#{#......#
#.#......#


There were no monsters in sight!

Vanquished Creatures
  A hound (D:4)
  An orc wizard (D:4)
  An iguana (D:4)
  8 adders
  2 oozes
  A worm (D:2)
  A dart slug (D:1)
  3 orcs (D:4)
  8 bats
  4 giant cockroaches (D:1)
  8 goblins
  4 hobgoblins
  4 jackals
  A quokka (D:4)
  A giant newt (D:2)
  7 kobolds
  4 rats
59 creatures vanquished.

Notes
Turn   | Place    | Note
--------------------------------------------------------------
     0 | D:1      | Alarkh the Mummy Skald began the quest for the Orb.
     0 | D:1      | Reached XP level 1. HP: 16/16 MP: 3/3
    52 | D:1      | Reached skill level 2 in Polearms
   129 | D:1      | Reached XP level 2. HP: 19/22 MP: 0/5
   534 | D:1      | Reached XP level 3. HP: 23/27 MP: 2/6
   732 | D:2      | Reached skill level 3 in Polearms
  1278 | D:3      | Reached XP level 4. HP: 24/33 MP: 4/7
  1338 | D:3      | Found a stormy altar of Qazlal.
  1339 | D:3      | Found a shattered altar of Ashenzari.
  1340 | D:3      | Found a basalt altar of Yredelemnul.
  1340 | D:3      | Found an opulent altar of Gozag.
  1342 | D:3      | Found an ancient bone altar of Kikubaaqudgha.
  1343 | D:3      | Found a shadowy altar of Dithmenos.
  1348 | D:3      | Became a worshipper of Gozag Ym Sagoz the Greedy
  1689 | D:3      | Reached skill level 4 in Polearms
  2146 | D:4      | Reached XP level 5. HP: 27/38 MP: 3/8
  2826 | D:4      | Learned a level 2 spell: Shroud of Golubria
  2830 | D:4      | Learned a level 3 spell: Spectral Weapon
  2919 | D:4      | Reached skill level 5 in Polearms
  2952 | D:4      | Killed from afar by an orc wizard

Skill      XL: |  1  2  3  4  5 |
---------------+----------------+-----
Polearms       | 2 3 4 5 |  5.0
Fighting       | |  2.0
Armour         | |  0.7
Dodging        | |  0.7
Spellcasting   | |  2.0
Charms         | |  2.4

Action                   |  1- 3 |  4- 6 || total
-------------------------+-------+-------++-------
Melee: Spear             |   135 |       ||   135
       Trident           |    22 |   110 ||   132
 Cast: Infusion          |    18 |    14 ||    32
       Shroud of Golubri |       |     2 ||     2
       Spectral Weapon   |       |     1 ||     1
  Use: Scroll            |     1 |     3 ||     4
Armor: Leather armour    |    42 |    25 ||    67
Dodge: Dodged            |    89 |    60 ||   149
